[Event "Skilling Open CCT 2021"]
[Site "Online"]
[Date "2020.11.19"]
[Round "11.7"]
[White "Firouzja, Alireza"]
[Black "Ding, Liren"]
[Result "1-0"]
[ECO "C54"]
[WhiteElo "2703"]
[BlackElo "2836"]
[Annotator "RC"]
[PlyCount "87"]
[EventDate "2020.11.20"]
[EventType "tourn"]
[EventCountry "NET"]
[Tiebreak "Koya+Number of black wins+Number of wins"]
[SourceTitle "playchess.com"]
[Source "ChessBase"]
[SourceQuality "1"]
[TimeControl "900+10"]

1. e4 e5 2. Nf3 Nc6 3. Bc4 Nf6 4. d3 Bc5 5. c3 d6 6. O-O O-O 7. Re1 a5 8. h3 h6 9. Bb3 b5 10. d4 Bb6 11. Be3 a4 12. Bc2 exd4 13.
cxd4 Nb4 14. Nc3 Nxc2 15. Qxc2 Ba5 16. Bd2 Rb8 17. e5 dxe5 18. dxe5 Bxc3 19. Qxc3 Nd5 20. Qc5 Be6 21. Rac1 Qd7 22. Red1 Rfc8 23. Nd4 c6 24. Kh2 Rb7 25. Be1 Qe8 26. a3 Bd7 27. Nf3 Nf4 28. Qe3 Nd5 29. Qe4 Nb6 30. Rc5 Be6 31. Nd4 Bd5 32. Qg4 Qxe5+ 33. f4 Qf6 34. Bc3 Qg6 35. Nf5 Qxg4 36. hxg4 Rd7 37. Nxg7 Be6 38. Rxd7 Bxd7 39. Nh5 Be6 40. Nf6+ Kf8 41. Rh5 Nd5 42. Nxd5 Bxd5 43. Rxh6 Re8 44. Bf6 1-0

[Event "Skilling Open CCT 2021"]
[Site "Online"]
[Date "2020.11.19"]
[Round "12.8"]
[White "So, Wesley"]
[Black "Svidler, Peter"]
[Result "1/2-1/2"]
[ECO "D85"]
[WhiteElo "2741"]
[BlackElo "2742"]
[Annotator "RC"]
[PlyCount "73"]
[EventDate "2020.11.20"]
[EventType "tourn"]
[EventCountry "NET"]
[Tiebreak "Koya+Number of black wins+Number of wins"]
[SourceTitle "playchess.com"]
[Source "ChessBase"]
[SourceQuality "1"]
[TimeControl "900+10"]

1. d4 Nf6 2. c4 g6 3. Nc3 d5 4. cxd5 Nxd5 5. e4 Nxc3 6. bxc3 Bg7 7. Nf3 c5 8. Rb1 O-O 9. Be2 cxd4 10. cxd4 Qa5+ 11. Bd2 Qxa2 12. O-O Bg4 13. Rxb7 Bxf3 14. Bxf3 Bxd4 15. e5 Na6 16. Rxe7 Rad8 17. e6 fxe6 18. Qe1 Bf6 19. Rxa7 Rxd2 20. Rxa6 Qxa6 21. Qxd2 Qb6 22. g3 Bd4 23. Kg2 Kg7 24. Be4 Qb2 25. Qxb2 Bxb2 26. Rb1 Bd4 27. Rb7+ Rf7 28. Rxf7+ Kxf7 29. f3 h6 30. g4 g5 31. Bd3 Be5 32. Be4 Kf6 33. h3 Bf4 34. Bd3 Be5 35. Be4 Bf4 36. Bd3 Be5 37. Be4 1/2-1/2

[Event "Skilling Open CCT 2021"]
[Site "Online"]
[Date "2020.11.19"]
[Round "13.4"]
[White "Radjabov, Teimour"]
[Black "Le, Quang Liem"]
[Result "1/2-1/2"]
[ECO "D37"]
[WhiteElo "2758"]
[BlackElo "2744"]
[Annotator "RC"]
[PlyCount "134"]
[EventDate "2020.11.20"]
[EventType "tourn"]
[EventCountry "NET"]
[Tiebreak "Koya+Number of black wins+Number of wins"]
[SourceTitle "playchess.com"]
[Source "ChessBase"]
[SourceQuality "1"]
[TimeControl "900+10"]

1. d4 Nf6 2. c4 e6 3. Nf3 d5 4. Nc3 a6 5. c5 b6 6. cxb6 cxb6 7. Bg5 Be7 8.
e3 O-O 9. Bd3 Nbd7 10. O-O Bb7 11. Qb1 h6 12. Bf4 Rc8 13. a4 Nh5 14. h3 Nxf4 15. exf4 Bb4 16. Rc1 Nf6 17. Qc2 Ne4 18. Qb3 Bd6 19. Ne2 Rc7 20. g3 g5 21. Ne5 gxf4 22. Nxf4 Bxe5 23. dxe5 d4 24. Qd1 Ng5 25. Qg4 f5 26. Qe2 Nf3+ 27. Kf1 Nh2+ 28. Ke1 Nf3+ 29. Kd1 Ng5 30. Qd2 Bf3+ 31. Be2 Rxc1+ 32. Rxc1 Qd7 33. Bxf3 Nxf3 34. Qb4 Nxe5 35. Qxb6 Qxa4+ 36. b3 Qb5 37. Qxe6+ Rf7 38. Kc2 d3+ 39. Kb2 d2 40. Rd1 Nd3+ 41. Nxd3 Qxd3 42. Qc8+ Kh7 43. Qc3 Rd7 44. Qxd3 Rxd3 45. Kc2 Rf3 46. Rxd2 f4 47. gxf4 Rxh3 48. Rd7+ Kg6 49. Rd6+ Kf5 50. Rxa6 h5 51. b4 Rf3 52. b5 Rxf2+ 53. Kc3 Rf3+ 54. Kc4 Rxf4+ 55. Kc5 Rf1 56. Rh6 Rc1+ 57. Kd6 Kg4 58. b6 h4 59. b7 Rb1 60. Kc7 Rxb7+ 61. Kxb7 h3 62. Kc6 Kg3 63. Kd5 h2 64. Ke4 Kg2 65. Rg6+ Kf2 66. Rh6 Kg2 67. Rxh2+ Kxh2 1/2-1/2

[Event "Skilling Open CCT 2021"]
[Site "Online"]
[Date "2020.11.19"]
[Round "13.5"]
[White "Anton Guijarro, David"]
[Black "Nakamura, Hikaru"]
[Result "0-1"]
[ECO "E46"]
[WhiteElo "2667"]
[BlackElo "2829"]
[Annotator "RC"]
[PlyCount "120"]
[EventDate "2020.11.20"]
[EventType "tourn"]
[EventCountry "NET"]
[Tiebreak "Koya+Number of black wins+Number of wins"]
[SourceTitle "playchess.com"]
[Source "ChessBase"]
[SourceQuality "1"]
[TimeControl "900+10"]

1. d4 Nf6 2. c4 e6 3. Nc3 Bb4 4. e3 O-O 5. Bd2 c5 6. a3 Bxc3 7. Bxc3 Ne4 8. Ne2 b6 9. d5 Bb7 10. f3 Nxc3 11. Nxc3 exd5 12. cxd5 d6 13. e4 a6 14. Bd3 b5 15.
Qd2 Nd7 16. O-O Qf6 17. Kh1 Ne5 18. Be2 g5 19. Nd1 Ng6 20.
Ne3 Bc8 21. g3 Bh3 22. Rf2 Rac8 23. Bf1 Bd7 24. Bg2 c4 25. Rc1 Ne5 26. Qd4 Qg7 27. Bf1 f5 28. exf5 Bxf5 29. Nxf5 Rxf5 30. Be2 Nd7 31. Qd2 Nf6 32. Qc2 Rxd5 33. f4 g4 34. Bf1 Qg6 35. f5 Qg5 36. Re1 Re5 37.
Rxe5 dxe5 38. Qd1 Qe3 39. Qd6 Rf8 40. Re2 Qf3+ 41. Kg1 Qxf5 42. Rxe5 Qd7 43. Rg5+ Kf7 44. Qxd7+ Nxd7 45. Rxg4 Nc5 46. Bxc4+ bxc4 47. Rxc4 Ne6 48. Ra4 Rb8 49. Rxa6 Rxb2 50. a4 Nd4 51. h4 Kg7 52. a5 Nf5 53. Ra8 Nxg3 54. a6 Ra2 55. Ra7+ Kh6 56. Ra8 Kh5 57. a7 Kxh4 58. Rb8 Rxa7 59. Kg2 Nf5 60. Kf3 Kg5 0-1

[Event "Skilling Open CCT 2021"]
[Site "Online"]
[Date "2020.11.19"]
[Round "13.6"]
[White "Firouzja, Alireza"]
[Black "Karjakin, Sergey"]
[Result "1-0"]
[ECO "D75"]
[WhiteElo "2703"]
[BlackElo "2709"]
[Annotator "RC"]
[PlyCount "109"]
[EventDate "2020.11.20"]
[EventType "tourn"]
[EventCountry "NET"]
[Tiebreak "Koya+Number of black wins+Number of wins"]
[SourceTitle "playchess.com"]
[Source "ChessBase"]
[SourceQuality "1"]
[TimeControl "900+10"]

1. Nf3 d5 2. g3 g6 3. Bg2 Bg7 4. d4 Nf6 5. O-O O-O 6. c4 dxc4 7. Na3 c5 8.
dxc5 c3 9. Nd4 Na6 10. c6 Nd5 11. Nab5 Nab4 12. Nxc3 Nxc3 13. bxc3 Nxc6 14. Be3 Bd7 15. Rb1 Na5 16. Nb3 Nxb3 17. Rxb3 Bc6 18. Bxc6 bxc6 19. Qxd8 Rfxd8 20. Rfb1 a5 21. Ra3 h5 22. Kg2 e6 23. Rb6 a4 24. c4 c5 25. Rd3 Rdb8 26. Rdd6 Bf8 27. Rxb8 Rxb8 28. Ra6 Rb2 29. Rxa4 Rxe2 30. Kf3 Rb2 31. Ra8 Kg7 32. Ke4 Be7 33. a4 g5 34. a5 Ra2 35. a6 Ra3 36. Bc1 Ra2 37. Kd3 Bf6 38. Be3 Ra5 39. Kc2 g4 40.
Kb3 Be5 41. a7 Bf6 42. Bxc5 Rxc5 43. Rb8 Ra5 44. a8=Q Rxa8 45. Rxa8 Bd4 46. Kb4 Bxf2 47. c5 h4 48. gxh4 Bxh4 49. Kb5 Bf6 50. Ra4 Be5 51. Rxg4+ Kh6 52. c6 f5 53. Rg8 f4 54. Re8 Kg5 55. Rxe6 1-0

[Event "Skilling Open CCT 2021"]
[Site "Online"]
[Date "2020.11.19"]
[Round "13.8"]
[White "Duda, Jan-Krzysztof"]
[Black "Ding, Liren"]
[Result "1-0"]
[ECO "D46"]
[WhiteElo "2774"]
[BlackElo "2836"]
[Annotator "RC"]
[PlyCount "127"]
[EventDate "2020.11.20"]
[EventType "tourn"]
[EventCountry "NET"]
[Tiebreak "Koya+Number of black wins+Number of wins"]
[SourceTitle "playchess.com"]
[Source "ChessBase"]
[SourceQuality "1"]
[TimeControl "900+10"]

1. d4 Nf6 2. c4 e6 3. Nf3 d5 4. Nc3 c6 5. e3 Nbd7 6. Qc2 Bd6 7. Bd3 O-O 8.
O-O e5 9. cxd5 cxd5 10. e4 exd4 11. Nxd5 Nxd5 12. exd5 h6 13. Nxd4 Qh4 14. Nf3 Qh5 15. Bh7+ Kh8 16. Qf5 Qxf5 17. Bxf5 Nf6 18. Bxc8 Rfxc8 19. Rd1 Rd8 20. Be3 Be7 21. d6 Bxd6 22. Kf1 Kg8 23. Rac1 a6 24. Rc4 Rd7 25. g3 Rc7 26. Rxc7 Bxc7 27. Rd3 Rd8 28. Rb3 b5 29. Ra3 a5 30. Rc3 Nd5 31. Rc5 b4 32. Ke2 a4 33.
Bd4 a3 34. bxa3 bxa3 35. Rb5 Ne7 36. Bc5 Rd5 37. Nd4 Nf5 38.
Nb3 g5 39. Rb4 Bd6 40. Bxd6 Nxd6 41. Rd4 Re5+ 42. Kd3 Nf5 43. Ra4 Re1 44. Rxa3 Rh1 45. Ra5 Ng7 46. a4 Rxh2 47. Ke3 Ne6 48. Rb5 Rh1 49. a5 Re1+ 50. Kd2 Re4 51. a6 Ra4 52. Ra5 Rxa5 53. Nxa5 Nc7 54. a7 h5 55. Ke3 Kg7 56. Nc4 Kg6 57. Nb6 Kf5 58. Kf3 g4+ 59. Kg2 Kg5 60.
a8=Q Nxa8 61. Nxa8 f5 62. Nc7 h4 63. gxh4+ Kxh4 64. Ne6 1-0

[Event "Skilling Open CCT 2021"]
[Site "Online"]
[Date "2020.11.19"]
[Round "14.1"]
[White "Vachier-Lagrave, Maxime"]
[Black "Ding, Liren"]
[Result "1/2-1/2"]
[ECO "B90"]
[WhiteElo "2860"]
[BlackElo "2836"]
[Annotator "RC"]
[PlyCount "122"]
[EventDate "2020.11.20"]
[EventType "tourn"]
[EventCountry "NET"]
[Tiebreak "Koya+Number of black wins+Number of wins"]
[SourceTitle "playchess.com"]
[Source "ChessBase"]
[SourceQuality "1"]
[TimeControl "900+10"]

1. e4 c5 2. Nf3 d6 3. d4 cxd4 4. Nxd4 Nf6 5. Nc3 a6 6. Bd3 e5 7. Nde2 Nc6 8. Nd5 Nxd5 9. exd5 Nb4 10. Be4 a5 11. c3 Na6 12. O-O f5 13.
Bc2 Be7 14. f4 O-O 15. Be3 e4 16. Nd4 Nc7 17. Bb3 Bf6 18. a4 Kh8 19. Bc4 Qe7 20. Qb3 Na6 21. Ne6 Bxe6 22. dxe6 Nc5 23. Bxc5 dxc5 24. Rad1 Rad8 25. Qb5 g5 26. Rd7 Rxd7 27. Qxd7 gxf4 28. Rxf4 Bg5 29. Qxe7 Bxe7 30. g4 fxg4 31. Rxg4 Rg8 32. Rxg8+ Kxg8 33. Kf2 Kf8 34. Ke3 Bg5+ 35. Kxe4 Bc1 36. Kd5 Ke7 37. b3 Bd2 38. Bd3 h6 39. c4 Be3 40. Be2 Bd4 41. h4 Bf2 42. h5 Bd4 43. Bf3 Bf2 44. Ke5 Bd4+ 45.
Kf5 b6 46. Bg4 Bc3 47. Bh3 Bd4 48. Kf4 Kd6 49. Ke4 Bc3 50. Kf5 Ke7 51. Bg2 Bb2 52. Bc6 Bc3 53. Bd7 Bb2 54. Ke4 Kd6 55. Kf4 Bc3 56. Kf5 Ke7 57. Bc8 Bb2 58. Kg6 Bc1 59. Kf5 Bb2 60. Kg6 Bc1 61. Kf5 Bb2 1/2-1/2

[Event "Skilling Open CCT 2021"]
[Site "Online"]
[Date "2020.11.19"]
[Round "14.2"]
[White "Giri, Anish"]
[Black "Duda, Jan-Krzysztof"]
[Result "1/2-1/2"]
[ECO "C42"]
[WhiteElo "2731"]
[BlackElo "2774"]
[Annotator "ChessBase"]
[PlyCount "54"]
[EventDate "2020.11.20"]
[EventType "tourn"]
[EventCountry "NET"]
[Tiebreak "Koya+Number of black wins+Number of wins"]
[SourceTitle "playchess.com"]
[Source "ChessBase"]
[SourceQuality "1"]
[TimeControl "900+10"]

1. e4 e5 2. Nf3 Nf6 3. Nxe5 d6 4. Nf3 Nxe4 5. d4 d5 6. Bd3 Bf5 7. O-O Be7 8. Re1 O-O 9. c4 Nc6 10. cxd5 Qxd5 11. Nc3 Nxc3 12. bxc3 Rae8 13. Rb1 Bxd3 14. Qxd3 b6 15. Bf4 Qd7 16. d5 Na5 17. Re3 Bf6 18. Be5 Bxe5 19. Nxe5 Qa4 20. Rbe1 f6 21. Rh3 g6 22. Rxh7 Kxh7 23. Qxg6+ Kh8 24. Qh5+ Kg7 25. Qg6+ Kh8 26. Qh6+ Kg8 27. Qg6+ Kh8 1/2-1/2

[Event "Skilling Open CCT 2021"]
[Site "Online"]
[Date "2020.11.19"]
[Round "14.3"]
[White "Karjakin, Sergey"]
[Black "Aronian, Levon"]
[Result "0-1"]
[ECO "D00"]
[WhiteElo "2709"]
[BlackElo "2778"]
[Annotator "RC"]
[PlyCount "62"]
[EventDate "2020.11.20"]
[EventType "tourn"]
[EventCountry "NET"]
[Tiebreak "Koya+Number of black wins+Number of wins"]
[SourceTitle "playchess.com"]
[Source "ChessBase"]
[SourceQuality "1"]
[TimeControl "900+10"]

1. d4 Nf6 2. Bg5 d5 3. Nd2 c5 4. dxc5 e6 5. e4 h6 6. Bh4 dxe4 7. Nxe4 Qa5+ 8. Nd2 Qxc5 9. Ngf3 Nbd7 10. Bd3 b6 11. Qe2 Bb7 12. O-O-O Be7 13. Kb1 Rc8 14. Rhe1 O-O 15. g4 Rfd8 16. g5 hxg5 17. Bxg5 Nd5 18. Rg1 Bxg5 19. Rxg5 Qb4 20. Ne4 Nf4 21. Qe3 Nxd3 22. cxd3 Bxe4 23. dxe4 Nf6 24. Nd4 g6 25. a3 Qa4 26. Rd2 e5 27. Rxe5 Ng4 28. Qf4 Nxe5 29. Qxe5 Qc4 30. Rd1 Rc6 31. b3 Qc3 0-1

[Event "Skilling Open CCT 2021"]
[Site "Online"]
[Date "2020.11.19"]
[Round "14.4"]
[White "Nakamura, Hikaru"]
[Black "Firouzja, Alireza"]
[Result "1-0"]
[ECO "B19"]
[WhiteElo "2829"]
[BlackElo "2703"]
[Annotator "RC"]
[PlyCount "85"]
[EventDate "2020.11.20"]
[EventType "tourn"]
[EventCountry "NET"]
[Tiebreak "Koya+Number of black wins+Number of wins"]
[SourceTitle "playchess.com"]
[Source "ChessBase"]
[SourceQuality "1"]
[TimeControl "900+10"]

1. e4 c6 2. d4 d5 3. Nc3 dxe4 4. Nxe4 Bf5 5. Ng3 Bg6 6. h4 h6 7. Nf3 Nd7 8. h5 Bh7 9. Bd3 Bxd3 10. Qxd3 e6 11. Bf4 Qa5+ 12. Bd2 Bb4 13.
c3 Be7 14. c4 Qb6 15. Bc3 Ngf6 16. Ne5 Rd8 17. Qe2 Bb4 18. O-O Bxc3 19. bxc3 O-O 20. Rab1 Qc7 21. f4 c5 22. Qf3 Nb6 23. Rfd1 Nfd7 24. Ne4 cxd4 25. cxd4 f5 26. Nc5 Nxc5 27. dxc5 Qxc5+ 28. Kh2 Qc7 29. a4 Rxd1 30. Rxd1 Rd8 31. Qxb7 Qxb7 32. Rxd8+ Kh7 33. Ng6 Qc8 34. Rxc8 Nxc8 35. c5 Kg8 36. Kg3 Kf7 37. Kf3 Ke8 38. Ke3 Kd7 39. Kd4 a6 40. Ke5 Kc6 41. Kxe6 Kxc5 42. Kf7 Kb4 43. Kxg7 1-0

[Event "Skilling Open CCT 2021"]
[Site "Online"]
[Date "2020.11.19"]
[Round "14.5"]
[White "Le, Quang Liem"]
[Black "Anton Guijarro, David"]
[Result "1-0"]
[ECO "C83"]
[WhiteElo "2744"]
[BlackElo "2667"]
[Annotator "RC"]
[PlyCount "63"]
[EventDate "2020.11.20"]
[EventType "tourn"]
[EventCountry "NET"]
[Tiebreak "Koya+Number of black wins+Number of wins"]
[SourceTitle "playchess.com"]
[Source "ChessBase"]
[SourceQuality "1"]
[TimeControl "900+10"]

1. e4 e5 2. Nf3 Nc6 3. Bb5 a6 4. Ba4 Nf6 5. O-O Nxe4 6. d4 b5 7. Bb3 d5 8. dxe5 Be6 9. Nbd2 Be7 10. c3 O-O 11. Bc2 f5 12. Nb3 Qd7 13.
Nfd4 Nxd4 14. Nxd4 c5 15. Nxe6 Qxe6 16. f3 Ng5 17. Bxg5 Bxg5 18. f4 Be7 19. Qf3 Rad8 20. Rfd1 g6 21. Rd2 Rd7 22. Rad1 Rfd8 23. h3 h5 24. g4 hxg4 25. hxg4 fxg4 26. Qh1 Bf8 27. Qh4 Bg7 28. Qg5 Kf7 29. Re2 Re7 30. f5 gxf5 31. Bxf5 Qh6 32. Bg6+ 1-0

[Event "Skilling Open CCT 2021"]
[Site "Online"]
[Date "2020.11.19"]
[Round "14.6"]
[White "Vidit, Santosh Gujrathi"]
[Black "Radjabov, Teimour"]
[Result "1/2-1/2"]
[ECO "A25"]
[WhiteElo "2636"]
[BlackElo "2758"]
[Annotator "RC"]
[PlyCount "61"]
[EventDate "2020.11.20"]
[EventType "tourn"]
[EventCountry "NET"]
[Tiebreak "Koya+Number of black wins+Number of wins"]
[SourceTitle "playchess.com"]
[Source "ChessBase"]
[SourceQuality "1"]
[TimeControl "900+10"]

1. c4 g6 2. g3 Bg7 3. Bg2 e5 4. Nc3 Nc6 5. e3 d6 6. Nge2 Nge7 7. d3 O-O 8.
Rb1 a5 9. a3 Be6 10. Nd5 f5 11. b4 axb4 12. axb4 Bf7 13. b5 Na5 14. O-O c6 15. Nxe7+ Qxe7 16. bxc6 bxc6 17. Bd2 e4 18. Nd4 c5 19. Nb5 Nc6 20. dxe4 fxe4 21. Qc2 Ne5 22. Bxe4 Bxc4 23. Bxa8 Rxa8 24. f4 Ra2 25. Qd1 Nd3 26. f5 Bh6 27. Rf3 Ne5 28. Rf2 Nd3 29. Rf3 Ne5 30. Rf2 Nd3 31. Rf3 1/2-1/2

[Event "Skilling Open CCT 2021"]
[Site "Online"]
[Date "2020.11.19"]
[Round "14.7"]
[White "So, Wesley"]
[Black "Carlsen, Magnus"]
[Result "1/2-1/2"]
[ECO "E36"]
[WhiteElo "2741"]
[BlackElo "2881"]
[Annotator "RC"]
[PlyCount "42"]
[EventDate "2020.11.20"]
[EventType "tourn"]
[EventCountry "NET"]
[Tiebreak "Koya+Number of black wins+Number of wins"]
[SourceTitle "playchess.com"]
[Source "ChessBase"]
[SourceQuality "1"]
[TimeControl "900+10"]

1. d4 Nf6 2. c4 e6 3. Nc3 Bb4 4. Qc2 d5 5. a3 Bxc3+ 6. Qxc3 O-O 7. Nf3 dxc4 8. Qxc4 b6 9. Bg5 Bb7 10. Rd1 Nbd7 11. Ne5 h6 12. Nxd7 Qxd7 13. Bxf6 gxf6 14. d5 exd5 15. Qf4 Kh7 16. e3 c5 17. Bd3+ Kg7 18. Qg3+ Kh8 19. Qf4 Kg7 20. Qg3+ Kh8 21. Qf4 Kg7 1/2-1/2

[Event "Skilling Open CCT 2021"]
[Site "Online"]
[Date "2020.11.19"]
[Round "14.8"]
[White "Svidler, Peter"]
[Black "Nepomniachtchi, Ian"]
[Result "0-1"]
[ECO "B90"]
[WhiteElo "2742"]
[BlackElo "2778"]
[Annotator "RC"]
[PlyCount "112"]
[EventDate "2020.11.20"]
[EventType "tourn"]
[EventCountry "NET"]
[Tiebreak "Koya+Number of black wins+Number of wins"]
[SourceTitle "playchess.com"]
[Source "ChessBase"]
[SourceQuality "1"]
[TimeControl "900+10"]

1. e4 c5 2. Nf3 d6 3. d4 cxd4 4. Nxd4 Nf6 5. Nc3 a6 6. Nb3 e6 7. g4 b5 8. Bg2 Bb7 9. g5 Nfd7 10. h4 b4 11. Ne2 Nc6 12. f4 h6 13.
Be3 hxg5 14. hxg5 Rxh1+ 15. Bxh1 a5 16. Ned4 Nxd4 17. Nxd4 Nc5 18. Qg4 g6 19. O-O-O Qd7 20. e5 Bxh1 21. Rxh1 dxe5 22. fxe5 Qd5 23. Qf3 Rd8 24. Qxd5 Rxd5 25. Nf3 Nd7 26. Bf4 Bc5 27. Rd1 Nb6 28. c3 bxc3 29. bxc3 Kd7 30. Nd2 Kc6 31. Kc2 Rd7 32. Rf1 Nd5 33. Nc4 Kb5 34. Nd6+ Bxd6 35. exd6 Kc6 36. Bd2 Kxd6 37. c4 Rc7 38. Bxa5 Rxc4+ 39. Kb3 Rg4 40. Rxf7 Rxg5 41. a4 Rg3+ 42. Kc4 Kc6 43. Be1 Ra3 44. Bd2 Rxa4+ 45. Kd3 Kd6 46. Ke2 Ke5 47. Rg7 Kf5 48. Rf7+ Ke4 49. Rg7 Ra2 50. Ke1 Kf5 51. Rf7+ Nf6 52. Bc3 e5 53. Re7 Ng4 54. Re8 g5 55. Bd2 Nh2 56. Rf8+ Ke4 0-1

[Event "Skilling Open CCT 2021"]
[Site "Online"]
[Date "2020.11.19"]
[Round "15.1"]
[White "Nepomniachtchi, Ian"]
[Black "Vachier-Lagrave, Maxime"]
[Result "1/2-1/2"]
[ECO "B51"]
[WhiteElo "2778"]
[BlackElo "2860"]
[Annotator "RC"]
[PlyCount "153"]
[EventDate "2020.11.20"]
[EventType "tourn"]
[EventCountry "NET"]
[Tiebreak "Koya+Number of black wins+Number of wins"]
[SourceTitle "playchess.com"]
[Source "ChessBase"]
[SourceQuality "1"]
[TimeControl "900+10"]

1. e4 c5 2. Nf3 d6 3. Bb5+ Nd7 4. d4 cxd4 5. Qxd4 a6 6. Bxd7+ Bxd7 7. c4 e6 8. Nc3 Bc6 9. O-O Nf6 10. b3 Be7 11. Ba3 O-O 12. Rac1 Qa5 13.
Bxd6 Bxd6 14. Qxd6 Nxe4 15. Qe5 Qxe5 16. Nxe5 Nxc3 17. Rxc3 Rfd8 18. Nxc6 bxc6 19. b4 Rd2 20. Ra3 Rb2 21. Ra4 g5 22. g3 Kg7 23. Rd1 h5 24. a3 h4 25. gxh4 gxh4 26. h3 Rb3 27. Kh2 Rf3 28. Kg2 Rf4 29. c5 Kf6 30. Kf1 Rf3 31. Rd4 Rxh3 32. Kg2 Rb3 33. Rxh4 Rd3 34. Ra5 Kg5 35. Rh7 Kg6 36. Rh3 Rxh3 37. Kxh3 Kf5 38. a4 Ke4 39. b5 Rh8+ 40. Kg2 Rg8+ 41. Kf1 axb5 42. axb5 cxb5 43. Rxb5 Kd5 44. Rb7 f5 45. Ke2 Kxc5 46. f4 Rg3 47. Rd7 Ra3 48. Rd8 Ra4 49. Ke3 Re4+ 50. Kf3 Rd4 51. Rc8+ Kd5 52. Rd8+ Kc4 53. Rc8+ Kd3 54. Rc6 Re4 55. Rd6+ Kc4 56. Ra6 Kc5 57. Ra5+ Kd6 58. Ra6+ Ke7 59. Ra7+ Kf6 60. Ra6 Rb4 61. Rc6 Rb3+ 62. Kf2 Ke7 63. Ra6 Kd7 64. Ke2 Rc3 65. Kf2 Rc6 66. Ra5 Kd6 67. Kf3 Rc3+ 68. Kf2 Rc5 69. Ra3 Kd5 70. Ke3 Rb5 71. Rd3+ Kc4 72. Rd6 Rb3+ 73. Kf2 Rb2+ 74. Kf3 Rb3+ 75. Kf2 Rb2+ 76. Kf3 Rb3+ 77. Kf2 1/2-1/2

[Event "Skilling Open CCT 2021"]
[Site "Online"]
[Date "2020.11.19"]
[Round "15.2"]
[White "Carlsen, Magnus"]
[Black "Svidler, Peter"]
[Result "1/2-1/2"]
[ECO "B53"]
[WhiteElo "2881"]
[BlackElo "2742"]
[Annotator "RC"]
[PlyCount "65"]
[EventDate "2020.11.20"]
[EventType "tourn"]
[EventCountry "NET"]
[Tiebreak "Koya+Number of black wins+Number of wins"]
[SourceTitle "playchess.com"]
[Source "ChessBase"]
[SourceQuality "1"]
[TimeControl "900+10"]

1. e4 c5 2. Nf3 d6 3. d4 cxd4 4. Qxd4 Nc6 5. Qe3 g6 6. Be2 Bg7 7. O-O Nf6 8. h3 O-O 9. Rd1 Be6 10. Nc3 Qc8 11. a3 Na5 12. Nd4 Bc4 13.
Bf3 Nc6 14. Nxc6 bxc6 15. e5 dxe5 16. Qc5 Bd5 17. Bxd5 cxd5 18. Qxc8 Rfxc8 19. Nxd5 Nxd5 20. Rxd5 Rxc2 21. b4 f5 22. Be3 f4 23. Bc5 Bf6 24. Rd7 a5 25. Bxe7 Bxe7 26. Rxe7 axb4 27. Rd1 bxa3 28. Rdd7 a2 29. Rg7+ Kf8 30. Rgf7+ Kg8 31. Rg7+ Kf8 32. Rgf7+ Kg8 33. Rg7+ 1/2-1/2

[Event "Skilling Open CCT 2021"]
[Site "Online"]
[Date "2020.11.19"]
[Round "15.3"]
[White "Radjabov, Teimour"]
[Black "So, Wesley"]
[Result "1/2-1/2"]
[ECO "D93"]
[WhiteElo "2758"]
[BlackElo "2741"]
[Annotator "RC"]
[PlyCount "79"]
[EventDate "2020.11.20"]
[EventType "tourn"]
[EventCountry "NET"]
[Tiebreak "Koya+Number of black wins+Number of wins"]
[SourceTitle "playchess.com"]
[Source "ChessBase"]
[SourceQuality "1"]
[TimeControl "900+10"]

1. d4 Nf6 2. c4 g6 3. Nc3 d5 4. Nf3 Bg7 5. Bf4 O-O 6. e3 c5 7. dxc5 Qa5 8.
Rc1 dxc4 9. Bxc4 Qxc5 10. Qb3 Nc6 11. O-O Na5 12. Qb5 Qxc4 13.
Qxa5 b6 14. Qa3 Re8 15. Rfd1 Qa6 16. Qb4 Bb7 17. Ne5 Rac8 18. h3 Rc5 19. a4 e6 20. Nd3 Rc4 21. Qb5 Qxb5 22. Nxb5 Rxc1 23. Rxc1 Rd8 24. Rc7 Ba6 25. Nb4 Bxb5 26. axb5 Nh5 27. Nc6 Rd1+ 28. Kh2 Nxf4 29. Rc8+ Bf8 30. exf4 Kg7 31. Ra8 Bd6 32. g3 Rd2 33. Rxa7 Rxf2+ 34. Kg1 Bc5 35. b4 Be3 36. Ra3 Rf3+ 37. Kg2 Rf2+ 38. Kg1 Rf3+ 39. Kg2 Rf2+ 40. Kg1 1/2-1/2

[Event "Skilling Open CCT 2021"]
[Site "Online"]
[Date "2020.11.19"]
[Round "15.4"]
[White "Anton Guijarro, David"]
[Black "Vidit, Santosh Gujrathi"]
[Result "0-1"]
[ECO "E51"]
[WhiteElo "2667"]
[BlackElo "2636"]
[Annotator "RC"]
[PlyCount "124"]
[EventDate "2020.11.20"]
[EventType "tourn"]
[EventCountry "NET"]
[Tiebreak "Koya+Number of black wins+Number of wins"]
[SourceTitle "playchess.com"]
[Source "ChessBase"]
[SourceQuality "1"]
[TimeControl "900+10"]

1. d4 Nf6 2. c4 e6 3. Nc3 Bb4 4. e3 O-O 5. Bd2 d5 6. Nf3 b6 7. cxd5 exd5 8.
Bd3 Re8 9. O-O Bd6 10. Rc1 a6 11. Ne5 Bxe5 12. dxe5 Rxe5 13. e4 Bg4 14. Qc2 d4 15. Nd5 c5 16. Bf4 Rh5 17. f3 Be6 18. Nc7 Ra7 19. Nxe6 fxe6 20. g4 e5 21. Bg3 Rg5 22. h4 Rg6 23. Bxe5 Nc6 24. Bh2 Nb4 25.
Bc4+ Kh8 26. Qd2 Qe7 27. Qf4 Ra8 28. a3 Nc6 29. Kh1 Rf8 30.
Qc7 Qxc7 31. Bxc7 Nd7 32. Bxa6 Nce5 33. Bb5 Rc8 34. Bxd7 Rxc7 35. Bf5 Rh6 36. Kh2 g6 37. g5 Rxh4+ 38. Bh3 Rf7 39. Kg3 Rhf4 40. Bg2 c4 41. a4 Kg7 42. Rfd1 d3 43. b3 cxb3 44. Rb1 Nxf3 45. Rxd3 Nxg5 46. Re3 h5 47. e5 Rg4+ 48. Kh2 Rf2 49. Rg3 Rxg3 50.
Kxg3 Rd2 51. Rxb3 h4+ 52. Kxh4 Rxg2 53. Rxb6 Nf3+ 54. Kh3 Re2 55. a5 Nxe5 56. a6 Ra2 57. Kg3 Kh6 58. Rd6 Ra3+ 59. Kh4 Nd3 60. a7 Nf2 61. Rxg6+ Kxg6 62. a8=Q Rh3# 0-1

[Event "Skilling Open CCT 2021"]
[Site "Online"]
[Date "2020.11.19"]
[Round "15.5"]
[White "Firouzja, Alireza"]
[Black "Le, Quang Liem"]
[Result "0-1"]
[ECO "A11"]
[WhiteElo "2703"]
[BlackElo "2744"]
[Annotator "ChessBase"]
[PlyCount "160"]
[EventDate "2020.11.20"]
[EventType "tourn"]
[EventCountry "NET"]
[Tiebreak "Koya+Number of black wins+Number of wins"]
[SourceTitle "playchess.com"]
[Source "ChessBase"]
[SourceQuality "1"]
[TimeControl "900+10"]

1. Nf3 Nf6 2. g3 d5 3. Bg2 Bf5 4. O-O c6 5. d3 h6 6. c4 e6 7. cxd5 exd5 8. Qb3 Qb6 9. Qc2 Be7 10. Nc3 O-O 11. e4 Bh7 12. Be3 Qa6 13.
Rfd1 Nbd7 14. exd5 cxd5 15. Qb3 Rfd8 16. Qb5 Qxb5 17. Nxb5 a6 18. Nc3 Rac8 19. Bh3 g5 20. Nd4 g4 21. Bf1 Kg7 22. Bf4 Bc5 23.
Nb3 d4 24. Ne2 Bb6 25. Bg2 Nc5 26. Nxc5 Rxc5 27. Rac1 Rxc1 28. Bxc1 Nd5 29. Nf4 Nxf4 30. Bxf4 Rd7 31. f3 h5 32. fxg4 hxg4 33. h3 gxh3 34. Bxh3 Re7 35. Kf2 Bc7 36. Bxc7 Rxc7 37. Rd2 Kf6 38. Bg2 b6 39. Kf3 Kg5 40. Kf2 Re7 41. Bf1 Re6 42. Be2 Rc6 43. Bf3 Rf6 44. Kg2 Re6 45. Kf2 Re3 46. Be2 Bf5 47. Kg2 Bg4 48. Bf1 Re1 49. Kf2 Rb1 50. a3 a5 51. Bg2 Be6 52. Bc6 Rc1 53. Bf3 Bf5 54. Bd5 f6 55.
Be4 Bh3 56. Bf3 f5 57. Be2 Rh1 58. Bf3 Rf1+ 59. Ke2 f4 60. gxf4+ Kxf4 61. Be4 Kg3 62. b4 Ra1 63. Rb2 a4 64. b5 Rxa3 65. Rb4 Ra2+ 66. Kd1 a3 67.
Bd5 Bg4+ 68. Kc1 Ra1+ 69. Kc2 a2 70. Ra4 Bd1+ 71. Kb2 Bxa4 72. Kxa1 Bxb5 73. Kxa2 Bxd3 74. Kb3 Kf2 75. Kb4 Ke3 76. Bb3 Be2 77. Ba4 b5 78. Bb3 Bc4 79. Bd1 Kd2 80. Bf3 d3 0-1